 Dungeon Crawl Stone Soup version 0.31-a0-102-g33a4ccc0cb (webtiles) character file.

Game seed: 4561028030343087483

22519 CowFu the Carver (level 12, 0/110 HPs)
             Began as a Minotaur Fighter on May 27, 2023.
             Was the Champion of the Shining One.
             Slain by an elephant simulacrum (9 damage)
             ... in an ice cave.
             The game lasted 00:18:48 (14078 turns).

CowFu the Carver (Minotaur Fighter)                Turns: 14078, Time: 00:18:49

Health: 0/110      AC: 20    Str: 24    XL:     12   Next: 63%
Magic:  15/15      EV: 10    Int:  5    God:    the Shining One [******]
Gold:   1352       SH: 21    Dex: 12    Spells: 11/11 levels left

rFire   + . .        b - +4 scimitar (freeze)
rCold   . . .        D - +5 tower shield
rNeg    + + +        B - +0 chain mail {Will+}
rPois   .            (helmet restricted)
rElec   .            A - +0 cloak
rCorr   .            h - +0 pair of gloves
SInv    .            n - +1 pair of boots of the Worm {rF+}
Will    ++...        (no amulet) Stlth
                     f - +4 ring of protection
HPRegen 0.38/turn    (no ring)
MPRegen 0.14/turn

%: no passive effects
@: enlightened, flying, glowing, studying 2 skills
A: horns 2, retaliatory headbutt
a: Renounce Religion, Divine Shield, Cleansing Flame, Summon Divine Warrior,
Brand Weapon With Holy Wrath


You were in an ice cave.
You worshipped the Shining One.
The Shining One was exalted by your worship.
You visited 2 branches of the dungeon, and saw 14 of its levels.
You also visited: Ossuary and Ice Cave.

You collected 1442 gold pieces.
You spent 90 gold pieces at shops.

Inventory:

Hand Weapons
 a - a +2 short sword of distortion
 b - a +4 scimitar of freezing (weapon)
 c - a +5 scimitar
 u - a +0 long sword
Armour
 h - a +0 pair of gloves (worn)
 n - the +1 pair of boots of the Worm (worn) {rF+}
   (You found it on level 9 of the Dungeon)

   rF:        It protects you from fire.
 A - a +0 cloak (worn)
 B - a +0 chain mail of willpower (worn)
 D - a +5 tower shield (worn)
Jewellery
 f - a +4 ring of protection (left hand)
 J - a ring of magical power
Wands
 e - a wand of mindburst (22)
 y - a wand of acid (28)
 E - a wand of iceblast (12)
Scrolls
 d - 5 scrolls of fog
 j - 3 scrolls of silence
 v - 12 scrolls of identify
 w - a scroll of teleportation
 x - 3 scrolls of immolation {unknown}
 z - a scroll of magic mapping
 C - 3 scrolls of amnesia
 F - a scroll of enchant weapon
Potions
 i - 5 potions of curing
 l - 3 potions of cancellation
 m - 2 potions of haste
 o - a potion of mutation
 p - 2 potions of magic
 r - 5 potions of lignification
 s - a potion of attraction
 I - a potion of invisibility {unknown}


   Skills:
 + Level 11.4 Fighting
 - Level 14.0 Long Blades
 - Level 10.0 Armour
 + Level 8.5 Dodging
 + Level 10.7 Shields
 + Level 5.7 Invocations
 + Level 5.2 Evocations


You had 11 spell levels left.
You didn't know any spells.
Your spell library contained the following spells:

 Spells                   Type           Power      Damage    Failure   Level
 Apportation              Tloc           0%         N/A       100%        1
 Magic Dart               Conj           0%         1d3       100%        1
 Necrotise                Necr           0%         1d4       100%        1
 Summon Small Mammal      Summ           0%         N/A       100%        1
 Cigotuvi's Dreadful Rot  Necr/Pois/Air  0%         N/A       100%        2
 Ensorcelled Hibernation  Hex/Ice        0%         N/A       100%        2
 Lesser Beckoning         Tloc           0%         N/A       100%        2
 Searing Ray              Conj           0%         2d4       100%        2
 Call Canine Familiar     Summ           0%         N/A       100%        3
 Gell's Gravitas          Tloc           0%         N/A       100%        3
 Ignite Poison            Fire/Tmut/Pois 0%         N/A       100%        3
 Spider Form              Tmut/Pois      0%         N/A       100%        3
 Summon Guardian Golem    Hex/Summ       0%         N/A       100%        3
 Teleport Other           Tloc           0%         N/A       100%        3
 Vampiric Draining        Necr           0%         2d6       100%        3
 Anguish                  Hex/Necr       0%         N/A       100%        4
 Fulminant Prism          Conj/Hex       0%         3d5       100%        4
 Alistair's Intoxication  Tmut/Pois      0%         N/A       100%        5
 Borgnjor's Vile Clutch   Necr/Erth      0%         N/A       100%        5
 Fireball                 Conj/Fire      0%         3d3       100%        5
 Freezing Cloud           Conj/Ice/Air   0%         6-21      100%        5
 Iskenderun's Battlesphe  Conj           0%         2d6       100%        5
 Conjure Ball Lightning   Conj/Air       0%         3x3d6     100%        6
 Orb of Destruction       Conj           0%         9d5       100%        7
 Storm Form               Tmut/Air       0%         N/A       100%        7


Dungeon Overview and Level Annotations

Branches:
Dungeon (13/15)            Temple (1/1) D:7            Lair (0/5) D:10
    Orc (0/2) D:10        Ossuary (visited)           IceCv (1/1)
 Vaults: D:13-14

Altars:
Ashenzari
Cheibriados
Dithmenos
Elyvilon
Fedhas
Gozag
Hepliaklqana
Kikubaaqudgha
Makhleb
Nemelex Xobeh
Okawaru
Qazlal
Ru
Sif Muna
Trog
Uskayaw
Vehumet
Wu Jian
Xom
Yredelemnul
Zin
The Shining One

Shops:
D:3 :   D:9 ?

Portals:
Trove: D:11 (give 3 potions of resistance)

Annotations:
IceCv exclusion: ice statue


Innate Abilities, Weirdness & Mutations

You have a pair of horns on your head.
You reflexively headbutt those who attack you in melee.


Message History

You block the reaper's attack.
You barely miss the reaper.
The reaper is severely wounded.
You block the reaper's attack. The elephant simulacrum tramples you.
You hold your ground!
You block the elephant simulacrum's attack.
You barely miss the reaper.
The reaper is severely wounded.
You block the reaper's attack.
You block the death yak simulacrum's attack.
The elephant simulacrum tramples you.
You hold your ground!
The elephant simulacrum barely misses you.
You hit the reaper.
The reaper is severely wounded.
You block the reaper's attack. The death yak simulacrum gores you.
The death yak simulacrum freezes you!!
* * * LOW HITPOINT WARNING * * *
You completely miss the reaper. You headbutt the reaper.
The reaper is severely wounded.
The elephant simulacrum tramples you but does no damage.
The elephant simulacrum barely misses you.
You block the reaper's attack.
Okay, then.
Okay, then.
You hit the reaper but do no damage. You headbutt the reaper.
The reaper is severely wounded.
You block the death yak simulacrum's attack.
You block the elephant simulacrum's attack.
The elephant simulacrum trunk-slaps you but does no damage.
The reaper hits you with a +2 scythe of freezing!
* * * LOW HITPOINT WARNING * * *
The reaper freezes you.
* * * LOW HITPOINT WARNING * * *
Okay, then.
You feel better. The death yak simulacrum gores you.
* * * LOW HITPOINT WARNING * * *
The death yak simulacrum freezes you! The Shining One protects you from harm!
You block the reaper's attack. The elephant simulacrum tramples you!
You die...

#### ### ...## :(#
.∩..## .. .....#
###.### .∩...# ##
.....### ....##
##.##2.....### ...##
#....@.#..... ##
...## #####.ZZ.#....
..# #...#
##...###..#..###....
#...#
#.........#.........
...##
..Z...##......##§. ..
..##
..Z.###......##§.#.§.
.##
....#........#.°§.§☼.
..## #
....##..####§○#.○§#
#..#
#....##§§.§§☼.§.#


You could see a reaper, a death yak simulacrum and an elephant simulacrum.

Vanquished Creatures
  Snorg (D:11)
  A hydra (D:9)
  A boulder beetle (D:12)
  3 two-headed ogres
  A tengu warrior (D:13)
  Sonja (D:10)
  5 skeletal warriors (D:11)
  Lodul (D:10)
  A deep elf pyromancer (D:13)
  An ugly thing (D:11)
  Maurice (D:8)
  3 slime creatures (D:12)
  An ice statue (IceCv)
  2 komodo dragons
  2 rime drakes (D:13)
  5 ice devils (IceCv)
  An anaconda simulacrum (IceCv)
  3 trolls
  A hornet (D:10)
  Prince Ribbit (D:8)
  3 wyverns
  Sigmund (D:5)
  A shadow (D:11)
  2 vampires
  A basilisk (D:11)
  4 yaks (D:9)
  A yak (shapeshifter) (D:13)
  A steam dragon (D:8)
  Menkaure (Ossuary)
  4 vampire mosquitoes (D:11)
  5 water moccasins
  Duvessa (D:4)
  2 orc warriors
  2 sky beasts
  2 ice beasts
  7 ogres (D:10)
  2 black bears
  3 centaurs
  2 phantoms
  A kobold brigand (D:7)
  Blork the orc (D:4)
  The ghost of deremet the Digger, an amateur GrEE of Nemelex Xobeh (D:3)
  An elf zombie (Ossuary)
  2 two-headed ogre simulacra (IceCv)
  6 bullfrogs
  4 cane toad simulacra (IceCv)
  3 scorpions
  14 wights
  Dowan (D:4)
  4 killer bees (D:9)
  5 howler monkeys
  A vampire bat (D:4)
  4 hounds
  3 centaur zombies (Ossuary)
  6 iguanas
  2 jellies
  2 orc priests
  3 gnoll boudas
  Ijyb (D:4)
  7 orc wizards
  3 sleepcaps
  2 polar bear simulacra (IceCv)
  3 spriggan simulacra (IceCv)
  2 troll simulacra (IceCv)
  2 ogre zombies (Ossuary)
  Robin (D:3)
  6 mummies (Ossuary)
  5 adders
  13 gnolls
  2 naga simulacra (IceCv)
  A shadow imp (D:6)
  3 white imps
  An ufetubus (IceCv)
  An adder zombie (Ossuary)
  2 worms (D:2)
  A dart slug (D:4)
  3 fire bats (D:4)
  21 orcs
  2 spectral bats (D:4)
  12 bats
  3 bat skeletons (D:4)
  A bat zombie (D:4)
  10 endoplasms
  3 giant cockroaches
  20 goblins
  10 hobgoblins
  5 jackals
  7 quokkas
  10 ball pythons
  A bat simulacrum (D:4)
  2 frilled lizards
  4 goblin zombies (Ossuary)
  7 hobgoblin zombies (Ossuary)
  15 kobolds
  5 kobold zombies (Ossuary)
  4 quokka zombies (Ossuary)
  4 rats
  3 rat zombies (Ossuary)
353 creatures vanquished.

Vanquished Creatures (others)
  An ufetubus (IceCv)
1 creature vanquished.

Grand Total: 354 creatures vanquished

Notes
Turn   | Place    | Note
-------+----------+-------------------------------------------
     0 | D:1      | CowFu the Minotaur Fighter began the quest for the Orb.
     0 | D:1      | Reached XP level 1. HP: 19/19 MP: 0/0
    53 | D:1      | Reached XP level 2. HP: 20/27 MP: 1/1
   102 | D:1      | Reached skill level 3 in Long Blades
   386 | D:1      | Reached XP level 3. HP: 31/33 MP: 2/2
   997 | D:2      | Reached XP level 4. HP: 40/40 MP: 3/3
  1007 | D:2      | Reached skill level 4 in Long Blades
  1197 | D:3      | Found a runed translucent door.
  1197 | D:3      | Noticed deremet's ghost (amateur GrEE)
  1226 | D:3      | Noticed Robin
  1237 | D:3      | Killed Robin
  1374 | D:3      | Found Edghaul's Book Emporium.
  1382 | D:3      | Reached XP level 5. HP: 47/47 MP: 4/4
  1460 | D:3      | Found a faded altar of an unknown god.
  1470 | D:3      | Prayed at the altar of an unknown god.
  1470 | D:3      | Became a worshipper of the Shining One
  1470 | D:3      | Reached * piety under the Shining One
  1513 | D:3      | Found a snail-covered altar of Cheibriados.
  1515 | D:3      | Found a radiant altar of Vehumet.
  1621 | D:3      | Found a shimmering blue altar of Sif Muna.
  1678 | D:3      | Found a white marble altar of Elyvilon.
  1926 | D:3      | Killed deremet's ghost
  1927 | D:3      | Reached skill level 5 in Long Blades
  2004 | D:4      | Noticed Duvessa
  2005 | D:4      | Noticed Dowan
  2029 | D:4      | Killed Duvessa
  2030 | D:4      | Reached skill level 5 in Fighting
  2030 | D:4      | Reached skill level 5 in Armour
  2030 | D:4      | Reached skill level 5 in Shields
  2030 | D:4      | Reached XP level 6. HP: 56/56 MP: 5/5
  2031 | D:4      | Killed Dowan
  2032 | D:4      | Reached skill level 6 in Long Blades
  2126 | D:4      | Reached skill level 7 in Long Blades
  2126 | D:4      | Reached XP level 7. HP: 59/61 MP: 6/6
  2127 | D:4      | Reached ** piety under the Shining One
  2213 | D:4      | Found a sand-covered staircase.
  2218 | Ossuary  | Entered an ossuary
  2365 | Ossuary  | Reached *** piety under the Shining One
  2417 | Ossuary  | Reached skill level 8 in Long Blades
  2497 | Ossuary  | Noticed Menkaure
  2715 | Ossuary  | Killed Menkaure
  2716 | Ossuary  | Reached skill level 9 in Long Blades
  2864 | Ossuary  | Reached **** piety under the Shining One
  3055 | D:4      | You fall into a shaft and drop 2 floors!
  3104 | D:6      | Reached XP level 8. HP: 67/68 MP: 7/7
  3145 | D:6      | Reached skill level 10 in Long Blades
  3412 | D:6      | Reached ***** piety under the Shining One
  3415 | D:6      | Reached skill level 11 in Long Blades
  3610 | D:6      | Got the Grimoire of the Brume and the Mausoleum
  4013 | D:5      | Entered Level 5 of the Dungeon
  4068 | D:5      | Reached skill level 12 in Long Blades
  4322 | D:5      | Reached XP level 9. HP: 61/74 MP: 8/8
  4394 | D:5      | Noticed Sigmund
  4400 | D:5      | Killed Sigmund
  4401 | D:5      | Reached skill level 13 in Long Blades
  5172 | D:4      | Noticed Blork the orc
  5178 | D:4      | Killed Blork the orc
  5199 | D:4      | Noticed Ijyb
  5204 | D:4      | Killed Ijyb
  5782 | D:7      | Found a staircase to the Ecumenical Temple.
  5926 | D:7      | Reached skill level 1 in Dodging
  5932 | D:7      | Reached skill level 14 in Long Blades
  6808 | D:7      | Found a basalt altar of Yredelemnul.
  6808 | D:7      | Found a bloodstained altar of Trog.
  7039 | Temple   | Entered the Ecumenical Temple
  7163 | D:8      | Found a shadowy altar of Dithmenos.
  7225 | D:8      | Reached XP level 10. HP: 34/84 MP: 9/9
  7227 | D:8      | Noticed Maurice
  7251 | D:8      | Killed Maurice
  7645 | D:8      | Noticed Prince Ribbit
  7658 | D:8      | Killed Prince Ribbit
  8023 | D:9      | Found a sparkling altar of Nemelex Xobeh.
  8236 | D:9      | Found Wihovoho's Magic Scroll Shoppe.
  8241 | D:9      | Bought a scroll of enchant armour for 90 gold pieces
  8304 | D:9      | Reached skill level 5 in Dodging
  8389 | D:9      | Identified the +1 pair of boots of the Worm {rF+}
  8758 | D:10     | Entered Level 10 of the Dungeon
  8828 | D:10     | Noticed Sonja
  8829 | D:10     | Noticed a six-headed hydra
  9150 | D:10     | Killed Sonja
  9151 | D:10     | Reached skill level 1 in Invocations
  9151 | D:10     | Reached skill level 1 in Evocations
  9336 | D:10     | Noticed Lodul
  9348 | D:10     | Killed Lodul
  9357 | D:10     | Reached XP level 11. HP: 36/94 MP: 9/11
  9750 | D:10     | Found a staircase to the Orcish Mines.
  9782 | D:10     | Noticed a two-headed ogre
 10018 | D:9      | Killed a two-headed ogre
 10026 | D:9      | Killed a six-headed hydra
 10183 | D:10     | Found a staircase to the Lair.
 10212 | D:10     | Noticed a two-headed ogre
 10218 | D:10     | Killed a two-headed ogre
 10894 | D:11     | Noticed a skeletal warrior
 10894 | D:11     | Noticed a skeletal warrior
 10894 | D:11     | Noticed a skeletal warrior
 10895 | D:11     | Noticed a skeletal warrior
 10895 | D:11     | Noticed a skeletal warrior
 10909 | D:11     | Killed a skeletal warrior
 10918 | D:11     | Killed a skeletal warrior
 10925 | D:11     | Killed a skeletal warrior
 10931 | D:11     | Killed a skeletal warrior
 10937 | D:11     | Killed a skeletal warrior
 11001 | D:11     | Noticed a cyan ugly thing
 11015 | D:11     | Killed a cyan ugly thing
 11244 | D:11     | Reached XP level 12. HP: 80/106 MP: 14/14
 11390 | D:11     | Noticed Snorg
 11411 | D:11     | Killed Snorg
 11769 | D:11     | Noticed a two-headed ogre
 11774 | D:11     | Killed a two-headed ogre
 11780 | D:11     | Reached skill level 10 in Fighting
 11885 | D:11     | Found a portal to a secret trove of treasure.
 12060 | D:12     | Reached skill level 10 in Shields
 12139 | D:12     | Reached skill level 10 in Armour
 12534 | D:12     | Noticed a boulder beetle
 12559 | D:12     | Killed a boulder beetle
 12926 | D:13     | Reached skill level 5 in Invocations
 12993 | D:13     | Noticed a tengu warrior
 13020 | D:13     | Killed a tengu warrior
 13062 | D:13     | Found a frozen archway.
 13074 | IceCv    | Entered an ice cave
 13083 | IceCv    | Reached ****** piety under the Shining One
 13476 | IceCv    | Reached skill level 5 in Evocations
 14059 | IceCv    | Noticed a reaper
 14077 | IceCv    | HP: 5/110 [reaper/+2 scythe of freezing (15)]
 14077 | IceCv    | HP: 1/110 [reaper/+2 scythe of freezing (4)]
 14078 | IceCv    | The Shining One protects you from harm!
 14078 | IceCv    | Slain by an elephant simulacrum

Illustrated notes

Levels and vault maps discovered:
D:1:      psy_arrival_whirlpool, layout_basic
D:2:      layout_basic, minmay_pentomino_p4
D:3:      layout_loops_ring, mainiacjoe_overflow_surrounded_room, minitemple,
          mainiacjoe_overflow_catwalk, serial_shops, nicolae_shop_statue_plus,
          hellmonk_ecumenical_altar_lost_god, hellmonk_ghost_happy_afterlife,
          uniq_robin
D:4:      layout_basic, enter_ossuary_5, goddamned_bats, uniq_duvessa,
          uniq_ijyb, uniq_blork_the_orc
D:5:      layout_basic, minmay_manual_moon, uniq_menkaure, uniq_sigmund
D:6:      layout_basic
D:7:      layout_layer_cave, gammafunk_temple_overflow_wave,
          minmay_temple_entry_wispy
D:8:      layout_loops_ring, mainiacjoe_overflow_small_starburst, dk_vineyard_3,
          uniq_maurice, uniq_prince_ribbit1
D:9:      layout_basic, lemuel_crystal_altar, serial_shops, shop,
          grunt_decor_junction, interstate_on_off,
          chequers_serial_rivers_micro_b
D:10:     layout_layer_cave, due_lair_maze_entry_diamond, orc_0_dummy,
          uniq_sonja, uniq_lodul
D:11:     layout_rooms, nicolae_trove_entry_diagonal, uniq_snorg
D:12:     layout_basic
D:13:     layout_basic, gammafunk_ghost_berserking_beasts, portal_ice_cave_rime
Temple:   zaba_magenta_temple
IceCv:    ice_cave_small_demon

Skill      XL: |  1  2  3  4  5  6  7  8  9 10 11 12 |
---------------+-------------------------------------+-----
Long Blades    | 3 4 5 7 9 12 14 | 14.0
Fighting       | 4 5 6 8 9 11 | 11.4
Shields        | 4 5 6 8 9 10 | 10.7
Armour         | 4 5 6 8 9 10 | 10.0
Dodging        | 3 5 7 8 |  8.5
Invocations    | 1 4 5 |  5.7
Evocations     | 1 3 5 |  5.2

Action                     |  1- 3 |  4- 6 |  7- 9 | 10-12 || total
---------------------------+-------+-------+-------+-------++-------
  Melee: Long sword        |   104 |   112 |   139 |       ||   355
         Headbutt          |    16 |    11 |    94 |   145 ||   266
         Scimitar          |       |       |   198 |   470 ||   668
         Short sword       |       |       |       |     7 ||     7
    Use: Scroll            |       |    15 |     9 |    10 ||    34
         Potion            |       |     3 |       |    17 ||    20
 Armour: Scale mail        |    61 |    78 |    84 |       ||   223
         Chain mail        |       |       |    65 |   223 ||   288
  Dodge: Dodged            |    47 |    63 |    92 |   132 ||   334
  Block: Buckler           |    14 |    30 |    43 |       ||    87
         Tower shield      |       |       |    84 |   513 ||   597

Table legend: (Time is in decaauts)
 A = Elapsed time spent in this place.
 B = Non-inter-level travel time spent in this place.
 C = Inter-level travel time spent in this place.
 D = Time resting spent in this place.
 E = Time spent auto-exploring this place.
 F = Levels seen in this place.
 G = Mean time per level.
                   A        B        C        D        E       F      G
               +--------+--------+--------+--------+--------+-----+--------+
         Total |  14083 |  13421 |    662 |      0 |  10916 |  16 |  880.2 |
       Dungeon |  12258 |  11614 |    644 |      0 |   9595 |  13 |  942.9 |
        Temple |     73 |     55 |     18 |      0 |     50 |   1 |   73.0 |
       Ossuary |    752 |    752 |      0 |      0 |    488 |   1 |  752.0 |
      Ice Cave |    998 |    998 |      0 |      0 |    783 |   1 |  998.0 |
               +--------+--------+--------+--------+--------+-----+--------+

Top non-repeatable levels by time:
    D:10: 1668 daAuts
     D:9: 1338 daAuts
     D:7: 1337 daAuts
     D:4: 1213 daAuts
    D:11: 1152 daAuts
   IceCv: 998 daAuts
     D:6: 974 daAuts
     D:3: 883 daAuts
    D:12: 875 daAuts
 Ossuary: 752 daAuts
     D:2: 741 daAuts
     D:5: 735 daAuts
     D:8: 695 daAuts
     D:1: 493 daAuts
    D:13: 150 daAuts
